 Dungeon Crawl Stone Soup version 0.26-a0-812-g31a745ddcd (webtiles) character file.

Game seed: 16881122849366501089

25 Dracia the Conjurer (level 2, -4/20 HPs)
             Began as a Draconian Conjurer on Dec 7, 2020.
             Slain by a worm (8 damage)
             ... on level 2 of the Dungeon.
             The game lasted 00:01:05 (1315 turns).

Dracia the Conjurer (Draconian Conjurer)            Turns: 1315, Time: 00:01:06

Health: -4/20      AC:  4    Str:  9    XL:     2   Next: 86%
Magic:  1/5        EV: 12    Int: 18    God:
Gold:   41         SH:  0    Dex:  9    Spells: 5/6 levels left

rFire    . . .     SeeInvis .   e - +0 dagger
rCold    . . .     Faith    .   (no shield)
rNeg     . . .     Spirit   .   (armour unavailable)
rPois    .         Reflect  .   (helmet restricted)
rElec    .         Harm     .   (no cloak)
rCorr    .         Rampage  .   (no gloves)
MR       .....                  (no boots)
Stlth    ++........             (no amulet)
HPRegen  0.06/turn              (no ring)
MPRegen  0.09/turn              (no ring)

@: no status effects
A: unfitting armour, cold-blooded, AC +4
a: no special abilities


You were on level 2 of the Dungeon.
You visited 1 branch of the dungeon, and saw 2 of its levels.

You collected 41 gold pieces.


Innate Abilities, Weirdness & Mutations

Your plain brown scales are hard. (AC +4)
You cannot fit into any form of body armour.
You are cold-blooded and may be slowed by cold attacks.


   Skills:
 - Level 1.7 Dodging
 - Level 1.7 Stealth
 + Level 2.6 Spellcasting
 + Level 4.4 Conjurations


You had 5 spell levels left.
You knew the following spells:

 Your Spells              Type           Power        Failure   Level
z - Magic Dart            Conj           ###.         2%          1

Your spell library contained the following spells:

 Spells                   Type           Power        Failure   Level
 Searing Ray              Conj           ###...       4%          2
 Dazzling Flash           Conj/Hex       ##....       21%         3
 Fulminant Prism          Conj/Hex       ##........   56%         4
 Iskenderun's Mystic Bla  Conj/Tloc      ##......     56%         4

Inventory:

Hand Weapons
 e - a +0 dagger (weapon)
Missiles
 j - 9 poisoned darts (quivered)
Scrolls
 a - a scroll of teleportation {unknown}
 b - a scroll of remove curse {unknown}
 d - a scroll of amnesia {unknown}
 f - 2 scrolls of identify {unknown}
 g - a scroll of enchant weapon {unknown}
 l - a scroll of fear {unknown}
 m - a scroll of fog {unknown}
Potions
 c - a potion of cancellation {unknown}
 h - a potion of haste {unknown}
 i - a potion of degeneration {unknown}
 k - a potion of resistance {unknown}

Dungeon Overview and Level Annotations

Branches:
Dungeon (2/15)

Altars:

... . .... .. #..
.. #.. # .. #.##
#..#. ...#
...(..#####..##
..
......w@..(...##
.##
###.####..#.#..#
..# #...#...##
..# #.#.##..# ..
...#.##..# #.
...##..#..### #.
)#.. ##......#
###. #..
#..#.#.#####...
#...##....##...##


You could see a worm.


Message History

Confirm with . or Enter, or press ? or * to list all spells.
You don't have enough magic to cast that spell.
Casting: Magic Dart (safe; 2% risk of failure)
Confirm with . or Enter, or press ? or * to list all spells.
You don't have enough magic to cast that spell.
You hit the worm.
The worm is lightly wounded.
The worm bites you but does no damage.
You hit the worm but do no damage.
The worm is lightly wounded.
You hit the worm.
You tail-slap the worm, but do no damage.
The worm is lightly wounded.
The worm bites you.
You hit the worm. You tail-slap the worm.
The worm is heavily wounded.
You hit the worm.
The worm is heavily wounded.
The worm bites you!
* * * LOW HITPOINT WARNING * * *
You hit the worm but do no damage.
The worm is heavily wounded.
The worm bites you.
* * * LOW HITPOINT WARNING * * *
You hit the worm but do no damage.
The worm is moderately wounded.
You hit the worm.
The worm is heavily wounded.
The worm bites you!
You die...

Action                   || total
-------------------------++-------
Melee: Dagger            ||    41
       Tailslap          ||     8
 Cast: Magic Dart        ||    34
Armor: Skin              ||     7
Dodge: Dodged            ||    22

Levels and vault maps discovered:
D:1:      saegor_arrival_simple_e, layout_basic, serial_curves, eino_curves_03,
          eino_curves_02
D:2:      layout_rooms, makhleb_heckhound_becter

Notes
Turn   | Place    | Note
-------+----------+-------------------------------------------
     0 | D:1      | Dracia the Draconian Conjurer began the quest for the Orb.
     0 | D:1      | Reached XP level 1. HP: 14/14 MP: 3/3
   472 | D:1      | Reached XP level 2. HP: 16/20 MP: 5/5
  1315 | D:2      | Slain by a worm

Vanquished Creatures
  A dart slug (D:1)
  4 bats
  2 giant cockroaches
  2 goblins (D:1)
  3 hobgoblins
  5 kobolds
  3 frilled lizards (D:1)
  2 rats (D:1)
22 creatures vanquished.

Table legend: (Time is in decaauts)
 A = Elapsed time spent in this place.
 B = Non-inter-level travel time spent in this place.
 C = Inter-level travel time spent in this place.
 D = Time resting spent in this place.
 E = Time spent auto-exploring this place.
 F = Levels seen in this place.
 G = Mean time per level.
                   A        B        C        D        E       F      G
               +--------+--------+--------+--------+--------+-----+--------+
         Total |   1314 |   1300 |     14 |    346 |    808 |   2 |  657.0 |
       Dungeon |   1314 |   1300 |     14 |    346 |    808 |   2 |  657.0 |
               +--------+--------+--------+--------+--------+-----+--------+

Top non-repeatable levels by time:
     D:1: 1112 daAuts
     D:2: 201 daAuts

Table legend:
 A = Non-vault XP
 B = Vault XP
 C = Vault XP percentage of total XP
 D = Non-vault monster count
 E = Vault monster count
 F = Vault count percentage of total count
                 A         B        C        D         E       F
            +---------+---------+-------+---------+---------+-------
      Total |      37 |       0 |   0.0 |      22 |       0 |   0.0
            +---------+---------+-------+---------+---------+-------
        D:1 |      28 |       0 |   0.0 |      17 |       0 |   0.0
        D:2 |       9 |       0 |   0.0 |       5 |       0 |   0.0
            +---------+---------+-------+---------+---------+-------
